 Dungeon Crawl Stone Soup version 0.28.0-47-ge53b351184 (webtiles) character file.

Game seed: 13014328806223338099

578 pkoi the Insei (level 6, -9/52 HPs)
             Began as a Demigod Fighter on May 3, 2022.
             Killed from afar by a steam dragon (16 damage)
             ... with a ball of steam
             ... on level 4 of the Dungeon.
             The game lasted 00:05:39 (5823 turns).

pkoi the Insei (Demigod Fighter)                    Turns: 5823, Time: 00:05:41

Health: -9/52      AC: 11    Str: 17    XL:     6   Next: 89%
Magic:  8/8        EV:  4    Int: 14    God:
Gold:   203        SH:  5    Dex: 17    Spells: 5/5 levels left

rFire   . . .      SeeInvis .     - Unarmed
rCold   . . .      Faith    .   b - +0 buckler
rNeg    . . .      Spirit   .   i - +0 plate armour
rPois   .          Reflect  .   (no helmet)
rElec   .          Harm     .   (no cloak)
rCorr   .          Rampage  .   (no gloves)
Will    .....                   (no boots)
Stlth   ..........              (no amulet)
HPRegen 0.17/turn               (no ring)
MPRegen 0.11/turn               (no ring)

@: no status effects
A: high MP 1, forlorn, divine attributes
a: no special abilities


You were on level 4 of the Dungeon.
You visited 1 branch of the dungeon, and saw 5 of its levels.

You collected 203 gold pieces.

Inventory:

Hand Weapons
 r - a +0 dagger
 t - a +0 whip of venom
Armour
 a - a +0 scale mail
 b - a +0 buckler (worn)
 i - a +0 plate armour (worn)
 v - a +0 pair of boots
Jewellery
 q - a ring of see invisible
Wands
 p - a wand of iceblast (10)
Scrolls
 e - a scroll of summoning {unknown}
 g - 4 scrolls of identify {unknown}
 k - a scroll of fear {unknown}
 m - a scroll of blinking {unknown}
 n - a scroll of amnesia {unknown}
 s - a scroll of enchant armour {unknown}
 u - a scroll of magic mapping {unknown}
 w - a scroll of immolation {unknown}
Potions
 c - 2 potions of might
 d - a potion of heal wounds
 f - a potion of curing {unknown}
 h - a potion of brilliance {unknown}
 j - a potion of degeneration {unknown}
 l - a potion of mutation {unknown}
 o - a potion of ambrosia {unknown}
 x - a potion of lignification {unknown}


   Skills:
 + Level 3.6 Fighting
 + Level 4.1 Armour
 + Level 4.1 Shields
 * Level 4.9 Unarmed Combat


You had 5 spell levels left.
You didn't know any spells.
Your spell library contained the following spells:

 Spells                   Type           Power      Damage    Failure   Level
 Conjure Ball Lightning   Conj/Air       0%         3x3d6     100%        6
 Discord                  Hex            0%         N/A       100%        8
 Disjunction              Tloc           0%         N/A       100%        8


Dungeon Overview and Level Annotations

Branches:
Dungeon (5/15)
 Temple: D:4-7

Shops:
D:2 (


Innate Abilities, Weirdness & Mutations

You have an increased reservoir of magic. (+10% MP)
You shall have no god before yourself.
Your divine heritage dramatically boosts your attributes as you level up.


Message History

The steam dragon claws you but does no damage.
You hit the steam dragon.
The steam dragon is lightly wounded.
You block the steam dragon's attack. The steam dragon claws you.
* * * LOW HITPOINT WARNING * * *
You closely miss the steam dragon.
The steam dragon is lightly wounded.
The steam dragon bites you.
* * * LOW HITPOINT WARNING * * *
The steam dragon claws you but does no damage.
You hit the steam dragon.
The steam dragon is moderately wounded.
You block the steam dragon's attack.
The steam dragon claws you but does no damage.
You hit the steam dragon but do no damage.
The steam dragon is moderately wounded.
You block the steam dragon's attack. x2
You hit the steam dragon.
The steam dragon is heavily wounded.
The steam dragon bites you.
* * * LOW HITPOINT WARNING * * *
The steam dragon claws you.
* * * LOW HITPOINT WARNING * * *
You punch the steam dragon!
The steam dragon is severely wounded.
The steam dragon bites you.
* * * LOW HITPOINT WARNING * * *
The steam dragon claws you but does no damage.
You completely miss the steam dragon.
The steam dragon is severely wounded.
The steam dragon breathes steam at you. The ball of steam hits you!
* * * LOW HITPOINT WARNING * * *
You closely miss the steam dragon.
The steam dragon is severely wounded.
You are engulfed in a cloud of scalding steam.
* * * LOW HITPOINT WARNING * * *
The steam dragon breathes steam at you. The ball of steam hits you!
You die...

##.##.....#.##...# #.#
)...#.###.#.##.######.#
##..#.#...#.##....†...#
..###.#.#...##..####..#
#..##.#.#.####........#
.####...#.####.....##.#
..#.#.#.#........#§##.##
###.#.#..####....§....^#
.#..#...........@#.#####
##.##.#..)###..D[..#.#
#...#.#.....#..#.###<#
#.#.#.###..........#.#
..###.####.###.###.#.#
....#..............#.#
.##(#.####.###.##..#.#
..###.# #..##.##..#.#
#...#.# ##.##.....#.#


You could see a steam dragon (catching breath).

Vanquished Creatures
  A black bear (D:4)
  2 bullfrogs (D:4)
  A scorpion (D:4)
  A howler monkey (D:4)
  2 bullfrog skeletons (D:4)
  An iguana (D:4)
  Terence (D:2)
  A hound skeleton (D:4)
  6 adders
  A howler monkey skeleton (D:4)
  2 worms
  3 dart slugs
  2 orcs
  4 bats
  2 endoplasms (D:2)
  5 giant cockroaches
  7 goblins
  10 hobgoblins
  A quokka (D:1)
  7 ball pythons
  A frilled lizard (D:1)
  7 kobolds
  7 rats
75 creatures vanquished.

Vanquished Creatures (others)
  2 plants (D:1)
  3 withered plants (D:1)
5 creatures vanquished.

Grand Total: 80 creatures vanquished

Notes
Turn   | Place    | Note
-------+----------+-------------------------------------------
     0 | D:1      | pkoi the Demigod Fighter began the quest for the Orb.
     0 | D:1      | Reached XP level 1. HP: 18/18 MP: 3/3
   345 | D:1      | Reached XP level 2. HP: 20/25 MP: 4/4
  1147 | D:2      | Reached XP level 3. HP: 26/30 MP: 5/5
  1877 | D:2      | Found Pihe's Antique Weapon Shoppe.
  2124 | D:2      | Noticed Terence
  2132 | D:2      | Killed Terence
  2133 | D:2      | Reached XP level 4. HP: 28/37 MP: 6/6
  3163 | D:4      | Noticed a bullfrog
  3181 | D:4      | Killed a bullfrog
  3182 | D:4      | Reached XP level 5. HP: 27/45 MP: 7/7
  3955 | D:4      | Reached XP level 6. HP: 12/51 MP: 8/8
  3961 | D:4      | HP: 2/51 [poisoned by a scorpion]
  5754 | D:5      | Entered Level 5 of the Dungeon
  5754 | D:5      | Noticed a steam dragon
  5823 | D:4      | Killed from afar by a steam dragon

Illustrated notes

Levels and vault maps discovered:
D:1:      lightli_arrival_noodles, layout_rooms,
          shapermc_ecumenical_altar_flowoftime, hex_medium, chequers_avenue
D:2:      layout_loops_ring, basic_altar, serial_shops, nicolae_diamond_shop,
          serial_forest, infiniplex_forest_straight_4,
          infiniplex_forest_clump_C, infiniplex_forest_end_3,
          infiniplex_forest_lined_2, infiniplex_forest_lined_3,
          infiniplex_forest_lined_4_way, infiniplex_forest_clump_tiny,
          infiniplex_forest_straight_2, infiniplex_forest_diagonal,
          hangedman_decor_push, chequers_serial_rivers_marsh, uniq_terence
D:3:      layout_basic
D:4:      minmay_razor_zed, layout_basic
D:5:      layout_rooms, minmay_temple_entry_offerings

Skill      XL: |  1  2  3  4  5  6 |
---------------+-------------------+-----
Unarmed Combat | 2 3 4 |  4.9
Shields        | 3 4 |  4.1
Armour         | 3 4 |  4.1
Fighting       | 3 |  3.6

Action                   |  1- 3 |  4- 6 || total
-------------------------+-------+-------++-------
Melee: Unarmed           |   194 |   236 ||   430
Evoke: Wand              |       |     3 ||     3
  Use: Potion            |       |     2 ||     2
Armor: Scale mail        |    47 |       ||    47
       Plate armour      |    29 |   125 ||   154
Dodge: Dodged            |    47 |    29 ||    76
Block: Buckler           |    38 |    52 ||    90
